 Dungeon Crawl Stone Soup version 0.22.0-18-ge075c0de6d (webtiles) character file.

200 KamiKatze the Shield-Bearer (level 5, -14/28 HPs)
             Began as a Vine Stalker Fighter on Aug 19, 2018.
             Demolished by an ogre
             ... wielding a +0 giant spiked club
              (17 damage)
             ... on level 4 of the Dungeon.
             The game lasted 00:10:53 (2428 turns).

KamiKatze the Shield-Bearer (Vine Stalker Fighter)  Turns: 2428, Time: 00:10:54

Health: -14/28     AC:  9    Str: 19    XL:     5   Next: 78%
Magic:  0/6        EV:  6    Int:  8    God:
Gold:   203        SH:  9    Dex: 14    Spells: 4/4 levels left

rFire    . . .     SeeInvis .   a - +0 rapier
rCold    . . .     Gourm    .   c - +0 shield
rNeg     . . .     Faith    .   t - +0 chain mail (curse)
rPois    .         Spirit   +   (no helmet)
rElec    .         Reflect  .   (no cloak)
rCorr    .         Harm     .   (no gloves)
MR       .....                  (no boots)
Stlth    ..........             (no amulet)
HPRegen  0.49/turn              (no ring)
MPRegen  0.10/turn              (no ring)

@: no status effects
A: fangs 2, regeneration 1, magic shield, antimagic bite, no potion heal 3, rot
immunity
a: no special abilities


You were on level 4 of the Dungeon.
You were very hungry.

You visited 1 branch of the dungeon, and saw 4 of its levels.

You collected 203 gold pieces.

Inventory:

Hand Weapons
 a - a +0 rapier (weapon)
 v - a +0 flail
Missiles
 h - 126 stones (quivered)
Armour
 c - a +0 shield (worn)
 t - a cursed +0 chain mail (worn)
 y - a +0 plate armour
Wands
 b - a wand of flame (18)
Scrolls
 g - a scroll of fog {unknown}
 j - a scroll of magic mapping {unknown}
 m - 2 scrolls of remove curse {unknown}
 o - a scroll of enchant armour {unknown}
 p - a scroll of teleportation {unknown}
 r - a scroll of noise {unknown}
 u - a scroll of blinking {unknown}
Potions
 d - a potion of might
 i - 2 potions of lignification
 k - a potion of flight
 l - 2 potions of cancellation
 n - 2 potions of agility
 q - a potion of invisibility
 s - 2 potions of haste
 w - a potion of degeneration {unknown}
Comestibles
 f - 5 rations


   Skills:
 + Level 3.2 Fighting
 + Level 2.4 Short Blades
 * Level 3.2 Armour
 * Level 1.9 Dodging
 * Level 3.7 Shields


You had 4 spell levels left.
You didn't know any spells.
Your spell library was empty.

Dungeon Overview and Level Annotations

Branches:
Dungeon (4/15)
 Temple: D:4-7

Altars:
Ashenzari
Dithmenos
Ru

Annotations:
D:3 2 transporters


Innate Abilities, Weirdness & Mutations

You have extremely sharp teeth.
Your natural rate of healing is unusually fast.
When hurt, damage is shared between your health and your magic reserves.
Your bite disrupts and absorbs the magic of your enemies.
Potions cannot restore your health.
You are immune to rotting.


Message History

The ogre barely misses you.
Your chain mail prevents you from hitting the ogre.
The ogre is moderately wounded.
You block the ogre's attack.
You puncture the ogre! You bite the ogre. You drain its power.
You feel invigorated.
The ogre is severely wounded.
The ogre hits you with a giant spiked club!!
Ouch! That really hurt!
You hit the ogre.
The ogre is severely wounded.
You barely miss the ogre.
The ogre is severely wounded.
The ogre hits you with a giant spiked club!
* * * LOW HITPOINT WARNING * * *
You hit the ogre.
The ogre is severely wounded.
The ogre hits you with a giant spiked club!!
Ouch! That really hurt!
You die...

.. #O #. ##.
.. #. #.#####
#.O@..####>##
#####........
######..#


You could see an ogre.

Vanquished Creatures
  An ice beast (D:2)
  3 adders
  4 worms
  5 dart slugs
  A leopard gecko (D:2)
  3 giant cockroaches
  12 hobgoblins
  5 bats
  7 goblins
  9 kobolds
  8 rats
58 creatures vanquished.

Notes
Turn   | Place    | Note
-------+----------+-------------------------------------------
     0 | D:1      | KamiKatze the Vine Stalker Fighter began the quest for the Orb.
     0 | D:1      | Reached XP level 1. HP: 11/11 MP: 2/2
    78 | D:1      | Reached XP level 2. HP: 16/16 MP: 3/3
   313 | D:1      | Found a shattered altar of Ashenzari.
   826 | D:2      | Reached XP level 3. HP: 19/19 MP: 4/4
   888 | D:2      | Reached skill level 1 in Dodging
  1134 | D:2      | Found a shadowy altar of Dithmenos.
  1138 | D:2      | Gained mutation: Your natural rate of healing is unusually fast. [Vine Stalker growth]
  1138 | D:2      | Reached XP level 4. HP: 22/23 MP: 5/5
  1312 | D:2      | Found a faded altar of an unknown god.
  1467 | D:3      | Noticed an ice beast
  1533 | D:3      | Found a transporter.
  1647 | D:3      | Found a sacrificial altar of Ru.
  1918 | D:3      | Found a transporter.
  2145 | D:4      | Noticed an ogre
  2270 | D:3      | HP: 1/24 [ice beast (9)]
  2386 | D:2      | Killed an ice beast
  2386 | D:2      | Reached XP level 5. HP: 7/28 MP: 1/6
  2428 | D:4      | Demolished by an ogre

Skill      XL: |  1  2  3  4 |
---------------+-------------+-----
Shields        | 3 |  3.7
Short Blades   | 2 |  2.4
Dodging        | 1 |  1.9
Fighting       | 3 |  3.2
Armour         | 3 |  3.2

Action                   |  1- 3 |  4- 6 || total
-------------------------+-------+-------++-------
Melee: Rapier            |    92 |   103 ||   195
       Bite              |    27 |    34 ||    61
Evoke: Wand              |       |     1 ||     1
  Use: Scroll            |       |     6 ||     6
  Eat: Chunk             |     1 |     3 ||     4
Armor: Scale mail        |    37 |    22 ||    59
       Chain mail        |       |    15 ||    15
Dodge: Dodged            |    20 |    20 ||    40
Block: Shield            |    36 |    35 ||    71
